 Dungeon Crawl Stone Soup version 0.24.0-123-gd5b16e6ec5 (webtiles) character file.

Game seed: 16375911814104420055, levelgen mode: deterministic

62210 FishyPogo the Slicer (level 15, -4/122 HPs)
             Began as a Gnoll Chaos Knight on Jan 27, 2020.
             Was a Plaything of Xom.
             Slain by a komodo dragon (18 damage)
             ... on level 12 of the Dungeon on Jan 28, 2020.
             The game lasted 01:19:30 (18470 turns).

FishyPogo the Slicer (Gnoll Chaos Knight)          Turns: 18470, Time: 01:19:32

Health: -4/122     AC: 18    Str: 20    XL:     15   Next: 5%
Magic:  0/28       EV: 15    Int: 15    God:    Xom [....*.]
Gold:   953        SH: 12    Dex: 20    Spells: 13/33 levels left

rFire    . . .     SeeInvis +   a - +7 quick blade (flame)
rCold    + . .     Gourm    .   S - +0 shield
rNeg     . . .     Faith    .   r - +0 scale mail
rPois    +         Spirit   +   T - +1 helmet
rElec    +         Reflect  .   L - +2 cloak {rPois}
rCorr    +         Harm     .   B - +0 pair of gloves
MR       +....                  y - +0 pair of boots
Stlth    +++.......             C - amulet of guardian spirit
HPRegen  0.30/turn              I - +5 ring of slaying
MPRegen  0.21/turn              G - ring "Niacifan" {rElec rCorr Dex+3}

@: about to teleport, grasped by roots, constricted
A: distributed training, fangs 1, repulsion field 1, rugged brown scales 1, see
invisible, agile 1, cold resistance 1, wild magic 1, MP-powered wands, strong
nose
a: Renounce Religion


You were on level 12 of the Dungeon.
You worshipped Xom.
You were a beloved toy of Xom.
You were not hungry.

You visited 2 branches of the dungeon, and saw 18 of its levels.
You visited the Abyss 1 time.

You collected 1108 gold pieces.
You spent 155 gold pieces at shops.

Inventory:

Hand Weapons
 a - a +7 quick blade of flaming (weapon)
 b - a +7 dire flail of pain
Missiles
 e - 342 stones
 h - 2 javelins
 u - 61 poisoned darts (quivered)
 D - 16 boomerangs
 E - 122 sling bullets
 P - a throwing net
 Q - 2 boomerangs of dispersal
 V - 3 silver javelins
Armour
 r - a +0 scale mail (worn)
 y - a +0 pair of boots (worn)
 B - a +0 pair of gloves (worn)
 L - a +2 cloak of poison resistance (worn)
 S - a +0 shield (worn)
 T - a +1 helmet (worn)
Magical Staves
 U - an uncursed staff of energy
Jewellery
 j - an uncursed ring of magical power
 A - an uncursed ring of protection from cold
 C - an amulet of guardian spirit (around neck)
 G - the ring "Niacifan" (right hand) {rElec rCorr Dex+3}
   (You bought it in a shop on level 5 of the Dungeon)

   [ring of resist corrosion]

   It affects your dexterity (+3).
   It insulates you from electricity.
   It provides partial protection from all sources of acid and corrosion.
 I - a +5 ring of slaying (left hand)
 O - the ring of Ascent {Fire +Inv Dex+2}
   (You found it on level 2 of the Abyss)

   [ring of fire]

   It enhances your fire magic.
   It affects your dexterity (+2).
   It protects you from fire.
   It makes you vulnerable to cold.
   It lets you turn invisible.
Wands
 k - a wand of enslavement (9)
 m - a wand of iceblast (13)
 z - a wand of disintegration (30)
 M - a wand of flame (23)
 N - a wand of random effects (33)
 R - a wand of polymorph (18)
 W - a wand of scattershot (3)
 Y - a wand of acid (9)
Scrolls
 d - 8 scrolls of identify
 g - 3 scrolls of remove curse
 i - 3 scrolls of magic mapping
 p - a scroll of amnesia
 s - 3 scrolls of immolation
 v - 3 scrolls of enchant armour
 x - 8 scrolls of teleportation
 J - a scroll of enchant weapon
Potions
 l - 2 potions of haste
 n - 3 potions of flight
 o - 2 potions of ambrosia
 q - 6 potions of curing
 t - a potion of lignification {unknown}
 w - 2 potions of cancellation
 F - 3 potions of heal wounds
 H - 2 potions of invisibility
 K - 5 potions of might
 X - a potion of brilliance {unknown}
Comestibles
 c - 47 rations
 f - 11 chunks of flesh


   Skills:
 + Level 11.4 Fighting
 + Level 11.4 Short Blades
 + Level 9.6 Long Blades
 + Level 9.6 Axes
 + Level 9.6 Maces & Flails
 + Level 9.6 Polearms
 + Level 9.6 Staves
 + Level 9.6 Slings
 + Level 9.6 Bows
 + Level 9.6 Crossbows
 + Level 9.6 Throwing
 + Level 10.5 Armour
 + Level 9.9 Dodging
 + Level 9.6 Stealth
 + Level 9.6 Shields
 + Level 9.6 Unarmed Combat
 + Level 9.6 Spellcasting
 + Level 8.0 Conjurations
 + Level 8.0 Hexes
 + Level 8.0 Charms
 + Level 8.0 Summonings
 + Level 8.0 Necromancy
 + Level 8.0 Translocations
 + Level 8.0 Transmutations
 + Level 8.0 Fire Magic
 + Level 8.0 Ice Magic
 + Level 8.0 Air Magic
 + Level 8.0 Earth Magic
 + Level 8.0 Poison Magic
 + Level 10.4 Invocations
 + Level 9.6 Evocations


You had 13 spell levels left.
You knew the following spells:

 Your Spells              Type           Power        Failure   Level  Hunger
a - Flame Tongue          Conj/Fire      #####        3%          1    None
b - Throw Flame           Conj/Fire      #####.       4%          2    None
c - Mephitic Cloud        Conj/Pois/Air  #####...     9%          3    #......
h - Regeneration          Chrm/Necr      #####.....   9%          3    #......
j - Conjure Flame         Conj/Fire      #####...     9%          3    #......
n - Summon Ice Beast      Ice/Summ       #####...     24%         4    ###....
p - Sticky Flame          Conj/Fire      #####...     24%         4    ###....

Your spell library contained the following spells:

 Spells                   Type           Power        Failure   Level  Hunger
 Animate Skeleton         Necr           N/A          3%          1    None
 Beastly Appendage        Tmut           #####.       3%          1    None
 Confusing Touch          Hex            #####.       3%          1    None
 Freeze                   Ice            ####         3%          1    None
 Magic Dart               Conj           ####         3%          1    None
 Pain                     Necr           ####         3%          1    None
 Blink                    Tloc           N/A          4%          2    None
 Call Imp                 Summ           #####...     4%          2    None
 Slow                     Hex            #####...     4%          2    None
 Sticks to Snakes         Tmut           #####...     4%          2    None
 Throw Frost              Conj/Ice       #####.       4%          2    None
 Confuse                  Hex            #####...     9%          3    #......
 Gell's Gravitas          Tloc           #####.....   9%          3    #......
 Inner Flame              Hex/Fire       #####...     9%          3    #......
 Ozocubu's Armour         Chrm/Ice       #####...     9%          3    #......
 Spider Form              Tmut/Pois      #####.....   9%          3    #......
 Vampiric Draining        Necr           #####.....   9%          3    #......
 Animate Dead             Necr           N/A          24%         4    ###....
 Ice Form                 Ice/Tmut       #####...     24%         4    ###....
 Petrify                  Tmut/Erth      #####...     24%         4    ###....
 Throw Icicle             Conj/Ice       #####...     24%         4    ###....
 Blade Hands              Tmut           #####.....   52%         5    #####..
 Fireball                 Conj/Fire      #####.....   52%         5    #####..
 Irradiate                Conj/Tmut      #####.....   52%         5    #####..
 Metabolic Englaciation   Hex/Ice        #####.....   52%         5    #####..
 Yara's Violent Unravell  Hex/Tmut       #####.....   52%         5    #####..
 Hydra Form               Tmut           #####.....   97%         6    ######.
 Statue Form              Tmut/Erth      #####....    97%         6    ######.
 Dragon Form              Tmut           #####.....   100%        7    #######


Dungeon Overview and Level Annotations

Branches:
Dungeon (12/15)            Temple (0/1) D:4            Lair (6/6) D:11
  Swamp (0/4) Lair:2       Spider (0/4) Lair:2        Slime (0/5) Lair:6
    Orc (0/2) D:9

Altars:
Ashenzari
Dithmenos
Elyvilon
Fedhas
Gozag
Hepliaklqana
Sif Muna
Xom
Zin

Shops:
D:5 *   D:8 (

Annotations:
D:7 3 runed translucent doors, FluffierThanThou's ghost, novice MiFi; diiiiiane's ghost, novice OpAs
D:12 Jorgrun
Lair:2 3 runed translucent doors, Xerdoz's ghost, journeyman OpTm
Lair:6 2 runed translucent doors


Innate Abilities, Weirdness & Mutations

Your experience applies equally to all skills.
You have very sharp teeth.
Your uncanny sense of smell can sniff out nearby items.
You are surrounded by a mild repulsion field. (EV +2)
You are partially covered in rugged brown scales. (AC +1, +3% HP)
You have supernaturally acute eyesight. (SInv)
You are agile. (Dex +2)
Your flesh is cold resistant. (rC+)
Your spells are a little harder to cast, but a little more powerful.
You expend magic power (3 MP) to strengthen your wands.


Message History

As you read the scroll of teleportation, it crumbles to dust.
You feel strangely unstable.
The skeletal warrior hits you from afar with a cursed -3 glaive!!
* * * LOW HITPOINT WARNING * * *
You block the skeletal warrior's attack.
* * * LOW HITPOINT WARNING * * *
The grasping roots constrict you.
The komodo dragon bites you but does no damage.
You hit the komodo dragon. You burn the komodo dragon.
The komodo dragon is lightly wounded.
A killer bee comes into view.
Unknown command.
The roots' grasp on you weakens, but your attempt to escape fails.
* * * LOW HITPOINT WARNING * * *
The grasping roots constrict you!
The skeletal warrior completely misses you.
You block the skeletal warrior's attack.
The komodo dragon bites you!!
You die...
Xom roars with laughter!

....>....>.... ...l.........
.# ............ ...# ∆
......y.... ...## ....°°°...
##..... §§§.....# .....#
#lg.....#x .....# .
#@#####.#Q .....# y....
#z#.....#∆ .....#
......#Kz.....## .....#
......#.#......8.8. .....#
.....#)#....#....#
.....########':#.+....#...#
..........................#
.)†.....#.#.#.#.#.#.#.#...##
..)......#..................


You could see Jorgrun (confused), 2 skeletal warriors, a komodo dragon, a killer
bee (wandering) and a kobold.

Vanquished Creatures
  Rupert (Lair:5)
  Nessos (Lair:5)
  A dire elephant (Lair:2)
  A hydra (Lair:2)
  2 catoblepae
  3 two-headed ogres
  3 death yaks (Lair:5)
  3 tengu warriors (D:12)
  A queen ant (Lair:2)
  Urug (Lair:3)
  A fire crab (Lair:6)
  An unseen horror (D:9)
  2 skeletal warriors (D:12)
  A deep troll (D:11)
  A wizard (D:12)
  Pikel (D:7)
  An ugly thing (D:11)
  5 oklob plants
  Maurice (D:10)
  A cyclops (D:12)
  15 elephants (Lair:2)
  4 black mambas (Lair:6)
  Joseph (D:7)
  6 spiny frogs
  Psyche (D:8)
  3 molten gargoyles (Lair:6)
  An eye of devastation (Lair:2)
  9 komodo dragons
  2 rime drakes
  4 yaktaurs
  A tengu conjurer (D:10)
  A polar bear (Lair:2)
  A queen bee (D:12)
  5 trolls
  A tyrant leech (Lair:2)
  2 meliai (D:12)
  Grinder (D:5)
  A hornet (D:10)
  Prince Ribbit (D:7)
  4 slime creatures
  9 blink frogs
  A hornet (shapeshifter) (Lair:2)
  4 hippogriffs
  A spriggan (Lair:2)
  A water elemental (D:11)
  5 wyverns
  A wraith (D:12)
  54 yaks
  5 basilisks
  2 steam dragons
  A hungry ghost (D:7)
  Edmund (D:5)
  14 soldier ants (Lair:2)
  3 swamp worms (Lair:2)
  7 water moccasins
  3 hell hounds (Lair:6)
  4 orc warriors (D:9)
  A swamp drake (D:9)
  3 ice beasts
  11 porcupines
  2 phantoms
  6 sky beasts
  4 slaves (D:7)
  7 wolves
  5 centaurs
  An eye of draining (D:12)
  3 ogres
  10 crocodiles
  3 big kobolds
  17 bullfrogs
  2 scorpions
  2 wyvern skeletons (D:9)
  41 killer bees
  7 howler monkeys
  5 wights (D:6)
  3 electric eels (D:11)
  A crimson imp (D:9)
  5 lava snakes (Lair:6)
  A bullfrog zombie (D:12)
  7 hounds
  7 jellies
  5 bullfrog skeletons
  9 orc priests
  4 centaur skeletons
  4 iguanas
  16 orc wizards
  29 worker ants
  2 killer bee zombies (D:9)
  A hound zombie (D:9)
  A hound skeleton (D:4)
  A howler monkey zombie (D:6)
  Robin (D:2)
  9 adders
  A river rat (D:10)
  An adder skeleton (D:8)
  An adder zombie (D:10)
  A worm (D:3)
  3 dart slugs
  6 leopard geckos
  76 orcs
  5 bats
  6 giant cockroaches
  17 goblins
  3 hobgoblins
  7 jackals
  20 kobolds
  4 quokkas
  2 ball pythons
  6 frilled lizards
  A jackal skeleton (D:5)
  6 rats
  A bush (Lair:6)
  A fungus (Lair:2)
  A plant (Lair:1)
617 creatures vanquished.

Vanquished Creatures (collateral kills)
  3 yaks
  A steam dragon (Lair:6)
  A hell hound (Lair:6)
  2 soldier ants (Lair:2)
  A killer bee (D:12)
  A worker ant zombie (D:8)
  2 orcs
  2 jackals (D:11)
  7 fungi
  3 plants (Lair:2)
23 creatures vanquished.

Vanquished Creatures (others)
  A dancing weapon (D:12)
  A water elemental (D:11)
  3 soldier ants (Lair:2)
  A sky beast (D:12)
  A killer bee (D:12)
  3 worker ants (Lair:2)
  A hell rat (Lair:6)
  67 fungi
  35 plants
113 creatures vanquished.

Grand Total: 753 creatures vanquished

Notes
Turn   | Place    | Note
-------+----------+-------------------------------------------
     0 | D:1      | FishyPogo the Gnoll Chaos Knight began the quest for the
                  | Orb.
     0 | D:1      | Reached XP level 1. HP: 23/23 MP: 1/1
   108 | D:1      | Reached XP level 2. HP: 29/29 MP: 2/2
   162 | D:1      | XOM: harmless Summ miscast
   834 | D:2      | Reached XP level 3. HP: 31/35 MP: 3/3
  1031 | D:2      | Reached skill level 1 in Invocations
  1090 | D:2      | Noticed Robin
  1377 | D:2      | Reached skill level 1 in Long Blades
  1377 | D:2      | Reached skill level 1 in Axes
  1377 | D:2      | Reached skill level 1 in Maces & Flails
  1377 | D:2      | Reached skill level 1 in Polearms
  1377 | D:2      | Reached skill level 1 in Staves
  1377 | D:2      | Reached skill level 1 in Slings
  1377 | D:2      | Reached skill level 1 in Bows
  1377 | D:2      | Reached skill level 1 in Crossbows
  1377 | D:2      | Reached skill level 1 in Throwing
  1377 | D:2      | Reached skill level 1 in Stealth
  1377 | D:2      | Reached skill level 1 in Shields
  1377 | D:2      | Reached skill level 1 in Unarmed Combat
  1377 | D:2      | Reached skill level 1 in Spellcasting
  1377 | D:2      | Reached skill level 1 in Evocations
  1391 | D:2      | Reached XP level 4. HP: 41/41 MP: 5/5
  1412 | D:2      | XOM: harmless Air miscast
  1424 | D:2      | Killed Robin
  1663 | D:3      | Found a blossoming altar of Fedhas.
  1746 | D:3      | Reached skill level 1 in Conjurations
  1746 | D:3      | Reached skill level 1 in Hexes
  1746 | D:3      | Reached skill level 1 in Charms
  1746 | D:3      | Reached skill level 1 in Summonings
  1746 | D:3      | Reached skill level 1 in Necromancy
  1746 | D:3      | Reached skill level 1 in Translocations
  1746 | D:3      | Reached skill level 1 in Transmutations
  1746 | D:3      | Reached skill level 1 in Fire Magic
  1746 | D:3      | Reached skill level 1 in Ice Magic
  1746 | D:3      | Reached skill level 1 in Air Magic
  1746 | D:3      | Reached skill level 1 in Earth Magic
  1746 | D:3      | Reached skill level 1 in Poison Magic
  1795 | D:3      | XOM: divination: magic mapping
  1974 | D:3      | Reached XP level 5. HP: 39/47 MP: 6/6
  1980 | D:3      | XOM: noise
  2081 | D:3      | XOM: harmless Tloc miscast
  2205 | D:3      | You fall into a shaft and drop 2 floors!
  2205 | D:5      | Entered Level 5 of the Dungeon
  2230 | D:5      | Found a shadowy altar of Dithmenos.
  2269 | D:4      | XOM: enchant monster (good)
  2376 | D:3      | Reached XP level 6. HP: 53/53 MP: 8/8
  2467 | D:3      | XOM is BORED!
  2467 | D:3      | XOM: torment (28/53 hp)
  2543 | D:4      | XOM: summons 4 friendly demons
  2551 | D:4      | Reached skill level 5 in Armour
  2650 | D:4      | XOM: medium Necr miscast
  2668 | D:4      | XOM: cloud trail
  2805 | D:4      | Found a staircase to the Ecumenical Temple.
  2817 | D:4      | Reached XP level 7. HP: 41/59 MP: 1/10
  2972 | D:4      | Found a hazy altar of Hepliaklqana.
  3012 | D:4      | XOM: scenery: 1 doors close
  3355 | D:5      | Found a glowing silver altar of Zin.
  3400 | D:5      | XOM: 1-stop teleportation journey
  3403 | D:5      | Learned a level 1 spell: Flame Tongue
  3406 | D:5      | Learned a level 2 spell: Throw Flame
  3410 | D:5      | Learned a level 3 spell: Conjure Flame
  3412 | D:5      | XOM: 1-stop teleportation journey
  3482 | D:5      | Reached XP level 8. HP: 67/67 MP: 12/12
  3506 | D:5      | Found Finkaw Heku's Assorted Antiques.
  3523 | D:5      | Bought a warped gossamer ring for 155 gold pieces
  3524 | D:5      | Identified the ring "Niacifan" {rElec rCorr Dex+3} (You
                  | bought it in a shop on level 5 of the Dungeon)
  3677 | D:5      | XOM: mild Tmut miscast
  3704 | D:5      | XOM: divination: detect creatures
  3722 | D:5      | Noticed Edmund
  3734 | D:5      | Killed Edmund
  3780 | D:5      | XOM: god gift: halberd {god gift}
  3848 | D:5      | XOM is BORED!
  3848 | D:5      | XOM: summons 3 hostile demons
  3877 | D:5      | Noticed Grinder
  3884 | D:5      | XOM: scenery: create altars
  3904 | D:5      | Paralysed by Grinder for 5 turns
  3905 | D:5      | XOM: summons friendly iron imp
  3928 | D:5      | Killed Grinder
  3931 | D:5      | Found a shadowy altar of Dithmenos.
  4148 | D:6      | XOM: stat loss: -1 Int (13/14)
  4271 | D:6      | Found an opulent altar of Gozag.
  4279 | D:6      | XOM: give mutations
  4279 | D:6      | Gained mutation: Scrolls take you a little longer to read.
                  | [Xom's mischief]
  4279 | D:6      | Gained mutation: You are weak. (Str -2) [Xom's mischief]
  4279 | D:6      | Gained mutation: You are surrounded by a mild repulsion
                  | field. (EV +2) [Xom's mischief]
  4279 | D:6      | Lost mutation: You are weak. (Str -2) [Xom's mischief]
  4321 | D:6      | XOM: harmless Pois miscast
  4489 | D:6      | XOM: noise
  4561 | D:6      | XOM: mild Ice miscast
  4775 | D:6      | Reached XP level 9. HP: 67/72 MP: 14/14
  4948 | D:7      | Found a runed translucent gate.
  4948 | D:7      | Found a runed translucent gate.
  4948 | D:7      | Found a runed translucent gate.
  4949 | D:7      | Noticed diiiiiane's ghost (novice OpAs)
  4950 | D:7      | Noticed FluffierThanThou's ghost (novice MiFi)
  4979 | D:7      | Noticed Joseph
  4979 | D:7      | Noticed Pikel
  5096 | D:7      | XOM: harmless Necr miscast
  5262 | D:7      | Noticed Prince Ribbit
  5275 | D:7      | Killed Prince Ribbit
  5291 | D:7      | XOM: give mutations
  5291 | D:7      | Gained mutation: You tend to lose your temper in combat.
                  | [Xom's mischief]
  5291 | D:7      | Gained mutation: You are clumsy. (Dex -2) [Xom's mischief]
  5291 | D:7      | Lost mutation: You are clumsy. (Dex -2) [Xom's mischief]
  5296 | D:7      | Reached skill level 5 in Dodging
  5343 | D:7      | XOM: scenery: create altars
  5344 | D:7      | Learned a level 3 spell: Mephitic Cloud
  5463 | D:7      | XOM: summons friendly crimson imp
  5480 | D:7      | Killed Pikel
  5560 | D:7      | XOM: god gift: 28 stones
  5600 | D:7      | Killed Joseph
  5600 | D:7      | Reached skill level 5 in Invocations
  5603 | D:7      | XOM: polymorph crimson imp -> crimson imp
  5836 | D:8      | Noticed a troll
  5848 | D:8      | Killed a troll
  5848 | D:8      | Reached XP level 10. HP: 47/80 MP: 15/17
  5864 | D:8      | Found a shattered altar of Ashenzari.
  5969 | D:8      | XOM: summons friendly quasit
  6090 | D:8      | Found a shimmering blue altar of Sif Muna.
  6172 | D:8      | Noticed Psyche
  6187 | D:8      | Cast into level 2 of the Abyss (Psyche)
  6197 | Abyss:2  | Got a coiled ivory ring
  6202 | D:8      | Escaped the Abyss
  6210 | D:7      | Identified the ring of Ascent {Fire +Inv Dex+2} (You found
                  | it on level 2 of the Abyss)
  6340 | D:8      | Found Unuhom's Antique Weapon Boutique.
  6346 | D:8      | XOM: harmless Air miscast
  6347 | D:8      | XOM: noise
  6407 | D:8      | XOM: divination: detect creatures
  6456 | D:8      | Reached skill level 5 in Long Blades
  6456 | D:8      | Reached skill level 5 in Axes
  6456 | D:8      | Reached skill level 5 in Maces & Flails
  6456 | D:8      | Reached skill level 5 in Polearms
  6456 | D:8      | Reached skill level 5 in Staves
  6456 | D:8      | Reached skill level 5 in Slings
  6456 | D:8      | Reached skill level 5 in Bows
  6456 | D:8      | Reached skill level 5 in Crossbows
  6456 | D:8      | Reached skill level 5 in Throwing
  6456 | D:8      | Reached skill level 5 in Stealth
  6456 | D:8      | Reached skill level 5 in Shields
  6456 | D:8      | Reached skill level 5 in Unarmed Combat
  6456 | D:8      | Reached skill level 5 in Spellcasting
  6456 | D:8      | Reached skill level 5 in Evocations
  6951 | D:8      | XOM: harmless Summ miscast
  6953 | D:8      | Killed Psyche
  7029 | D:9      | Found a white marble altar of Elyvilon.
  7076 | D:9      | XOM: harmless Summ miscast
  7090 | D:9      | XOM: mild Fire miscast
  7143 | D:9      | XOM: mild Tmut miscast
  7256 | D:9      | XOM: polymorph orc wizard -> porcupine
  7259 | D:9      | XOM: swap monsters
  7377 | D:9      | XOM: mild Chrm miscast
  7485 | D:9      | XOM: swap monsters
  7757 | D:9      | XOM: potion effect (might)
  7760 | D:9      | XOM: harmless Chrm miscast
  7835 | D:9      | XOM: smoke on damage
  7848 | D:9      | Killed an unseen horror
  7848 | D:9      | Reached XP level 11. HP: 38/87 MP: 11/19
  7933 | D:9      | XOM: mild Air miscast
  7934 | D:9      | Identified a scroll of acquirement
  8036 | D:9      | XOM: harmless Tmut miscast
  8089 | D:9      | XOM: silly message
  8095 | D:9      | XOM: fog
  8229 | D:9      | Found a staircase to the Orcish Mines.
  8255 | D:9      | XOM: 5-stop teleportation journey
  8540 | D:10     | Entered Level 10 of the Dungeon
  8621 | D:10     | XOM: draining
  8718 | D:10     | Noticed a two-headed ogre
  8720 | D:10     | XOM: swap monsters
  8733 | D:10     | XOM: cast spell 'Call Canine Familiar'
  8752 | D:10     | Reached skill level 5 in Conjurations
  8752 | D:10     | Reached skill level 5 in Hexes
  8752 | D:10     | Reached skill level 5 in Charms
  8752 | D:10     | Reached skill level 5 in Summonings
  8752 | D:10     | Reached skill level 5 in Necromancy
  8752 | D:10     | Reached skill level 5 in Translocations
  8752 | D:10     | Reached skill level 5 in Transmutations
  8752 | D:10     | Reached skill level 5 in Fire Magic
  8752 | D:10     | Reached skill level 5 in Ice Magic
  8752 | D:10     | Reached skill level 5 in Air Magic
  8752 | D:10     | Reached skill level 5 in Earth Magic
  8752 | D:10     | Reached skill level 5 in Poison Magic
  8755 | D:10     | XOM: smoke on damage
  8757 | D:10     | XOM: confusion (+ monsters)
  8758 | D:10     | Killed a two-headed ogre
  8888 | D:10     | XOM: polymorph killer bee -> river rat
  9102 | D:10     | XOM: mild Conj miscast
  9197 | D:10     | Noticed Maurice
  9205 | D:10     | Killed Maurice
  9586 | D:11     | XOM: medium Tmut miscast
  9595 | D:11     | Noticed a deep troll
  9595 | D:11     | a slime creature changed into a deep troll
  9595 | D:11     | XOM: polymorph slime creature -> deep troll
  9611 | D:11     | XOM: silly message
  9613 | D:11     | Killed a deep troll
  9728 | D:11     | XOM: mild Tloc miscast
  9732 | D:11     | XOM: repel stairs
  9734 | D:11     | XOM: scenery: 3 doors close
  9908 | D:11     | Noticed a cyan ugly thing
  9910 | D:11     | XOM: summons 11 friendly demons
  9937 | D:11     | Killed a cyan ugly thing
  9954 | D:11     | XOM: scenery: create altars
 10047 | D:11     | XOM: scenery: create altars
 10085 | D:11     | Found a staircase to the Lair.
 10100 | D:11     | XOM: enchant monster (good)
 10411 | D:11     | XOM: noise
 10413 | D:11     | XOM: silly message
 10443 | D:11     | Reached XP level 12. HP: 69/96 MP: 16/22
 10742 | D:11     | XOM: enchant monster (bad)
 10744 | D:11     | Lost mutation: Scrolls take you a little longer to read.
                  | [potion of mutation]
 10744 | D:11     | Gained mutation: Your spells are a little harder to cast,
                  | but a little more powerful. [potion of mutation]
 10744 | D:11     | Gained mutation: You expend magic power (3 MP) to
                  | strengthen your wands. [potion of mutation]
 10750 | D:11     | XOM: harmless Chrm miscast
 10787 | D:11     | XOM: harmless Tmut miscast
 10958 | D:11     | Learned a level 4 spell: Sticky Flame
 11178 | Lair:1   | Entered Level 1 of the Lair of Beasts
 11240 | D:9      | XOM: silly message
 11280 | D:11     | XOM: noise
 11342 | Lair:1   | XOM: harmless Hex miscast
 11356 | Lair:1   | XOM: potion effect (might)
 11613 | Lair:1   | XOM: divination: detect creatures
 11801 | Lair:1   | XOM: mild Ice miscast
 12004 | Lair:1   | XOM: enchant monster (good)
 12014 | Lair:1   | XOM: divination: detect creatures
 12237 | Lair:2   | XOM: confuse monster(s)
 12247 | Lair:2   | Learned a level 4 spell: Summon Ice Beast
 12300 | Lair:2   | Learned a level 3 spell: Regeneration
 12330 | Lair:2   | XOM: divination: magic mapping
 12333 | Lair:2   | Found a staircase to the Swamp.
 12374 | Lair:2   | XOM: harmless Erth miscast
 12523 | Lair:2   | XOM: harmless Pois miscast
 12551 | Lair:2   | Found a hole to the Spider Nest.
 12569 | Lair:2   | XOM: god gift: ration
 12600 | Lair:2   | Reached skill level 10 in Fighting
 12600 | Lair:2   | Reached skill level 10 in Short Blades
 12615 | Lair:2   | Found a runed translucent gate.
 12616 | Lair:2   | Found a runed translucent gate.
 12617 | Lair:2   | Found a runed translucent gate.
 12619 | Lair:2   | Noticed Xerdoz's ghost (journeyman OpTm)
 12691 | Lair:2   | XOM: give mutations
 12691 | Lair:2   | Gained mutation: You have supernaturally acute eyesight.
                  | (SInv) [Xom's grace]
 12691 | Lair:2   | Gained mutation: Your flesh is cold resistant. (rC+) [Xom's
                  | grace]
 12701 | Lair:2   | Noticed an eight-headed hydra
 12711 | Lair:2   | XOM: summons friendly iron imp
 12718 | Lair:2   | XOM: medium Hex miscast
 12855 | Lair:2   | XOM: cast spell 'Leda's Liquefaction'
 12864 | Lair:2   | XOM: give mutations
 12864 | Lair:2   | Lost mutation: You tend to lose your temper in combat.
                  | [Xom's grace]
 12864 | Lair:2   | Gained mutation: You are agile. (Dex +2) [Xom's grace]
 12864 | Lair:2   | Gained mutation: You are partially covered in rugged brown
                  | scales. (AC +1, +3% HP) [Xom's grace]
 12937 | Lair:2   | Noticed a queen ant
 12943 | Lair:2   | XOM: divine lightning
 12951 | Lair:2   | XOM: potion effect (magic)
 12952 | Lair:2   | Killed an eight-headed hydra
 12954 | Lair:2   | Reached XP level 13. HP: 48/106 MP: 17/24
 12967 | Lair:2   | XOM: polymorph soldier ant -> shapeshifter
 12970 | Lair:2   | XOM: summons 2 friendly demons
 13017 | Lair:2   | XOM: polymorph elephant -> eye of devastation
 13170 | Lair:2   | XOM: destruction
 13587 | Lair:2   | Noticed a dire elephant
 13629 | Lair:2   | Learned a level 4 spell: Animate Dead
 13652 | Lair:2   | XOM: scenery: create altars
 13653 | Lair:2   | Killed a dire elephant
 13973 | Lair:2   | XOM: god gift: 26 arrows
 13975 | Lair:2   | XOM: scenery: create altars
 13985 | Lair:3   | XOM: stealth player
 14087 | Lair:3   | XOM: harmless Chrm miscast
 14250 | Lair:3   | XOM: cast spell 'Statue Form'
 14444 | Lair:3   | Noticed Urug
 14454 | Lair:3   | XOM: god gift: paperback book {god gift}
 14468 | Lair:3   | Killed Urug
 14469 | Lair:3   | XOM: harmless Necr miscast
 15016 | Lair:4   | XOM: potion effect (might)
 15020 | Lair:4   | XOM: destruction
 15208 | Lair:4   | XOM: harmless Summ miscast
 15254 | Lair:4   | XOM: polymorph yak -> troll
 15405 | Lair:4   | XOM: mild Air miscast
 15454 | Lair:4   | XOM: god gift: potion of curing
 15664 | Lair:5   | XOM: 2-stop teleportation journey
 15715 | Lair:5   | XOM: divination: detect items
 15733 | Lair:5   | XOM: god gift: shield {god gift}
 15747 | Lair:5   | XOM: cleaving
 15759 | Lair:5   | Reached XP level 14. HP: 103/114 MP: 23/26
 15792 | Lair:5   | XOM: summons friendly ufetubus
 15911 | Lair:5   | Noticed Rupert
 15912 | Lair:5   | Noticed Nessos
 15915 | Lair:5   | XOM: cast spell 'Monstrous Menagerie'
 15918 | Lair:5   | XOM: divination: magic mapping
 16078 | Lair:5   | Killed Nessos
 16080 | Lair:5   | XOM: confuse monster(s)
 16087 | Lair:5   | XOM: cast spell 'Chain of Chaos'
 16088 | Lair:5   | Killed Rupert
 16088 | Lair:5   | Reached skill level 10 in Armour
 16090 | Lair:5   | XOM: divination: detect items
 16401 | Lair:6   | Entered Level 6 of the Lair of Beasts
 16447 | Lair:6   | XOM: silly message
 16451 | Lair:6   | XOM: stat loss: -1 Dex (19/20)
 16462 | Lair:6   | XOM: scenery: create altars
 16549 | Lair:6   | XOM: mild Erth miscast
 16819 | Lair:6   | XOM: cleaving
 16824 | Lair:6   | XOM: summons friendly quasit
 16827 | Lair:6   | XOM: destruction
 16837 | Lair:6   | Found a staircase to the Slime Pits.
 16949 | Lair:6   | XOM: summons 11 friendly demons
 17263 | Lair:6   | XOM: swap monsters
 17272 | Lair:6   | XOM: blink monster(s)
 17278 | Lair:6   | Reached skill level 10 in Invocations
 17305 | Lair:6   | XOM: potion effect (brilliance)
 17324 | Lair:6   | XOM: scenery: create altars
 17402 | Lair:6   | XOM: god gift: scroll of teleportation
 17420 | Lair:6   | XOM: divination: detect items
 17457 | Lair:6   | Found a large runed translucent door.
 17496 | Lair:6   | XOM: polymorph hell hound -> hell rat
 17512 | Lair:6   | XOM: cleaving
 17518 | Lair:6   | Found a large runed translucent door.
 17528 | Lair:6   | XOM: harmless Summ miscast
 17563 | Lair:6   | XOM: summons 12 friendly demons
 18000 | D:12     | XOM: summons friendly quasit
 18069 | D:12     | XOM: confuse monster(s)
 18101 | D:12     | XOM: confuse monster(s)
 18181 | D:12     | XOM: summons 13 friendly demons
 18282 | D:12     | XOM: confuse monster(s)
 18329 | D:12     | Reached XP level 15. HP: 116/122 MP: 25/28
 18417 | D:12     | Noticed a tengu reaver
 18430 | D:12     | Noticed Jorgrun
 18453 | D:12     | XOM: scenery: 1 doors close
 18456 | D:12     | XOM: fog
 18470 | D:12     | Slain by a komodo dragon

Levels and vault maps discovered:
D:1:      kilobyte_arrival_exit_the_forest, layout_loops_ring
D:2:      layout_basic, first_ration, uniq_robin
D:3:      layout_loops_ring, nicolae_overflow_crystal_walls
D:4:      layout_basic, overflow_temple_1_default, minmay_temple_entry_ruins
D:5:      layout_loops_ring, lemuel_round_altar, nicolae_overflow_hidden_temple,
          basic_altar, serial_shops, shop_coins, uniq_edmund, uniq_grinder
D:6:      layout_basic, nicolae_gozag_seed_capital
D:7:      layout_loops_corners, gammafunk_ghost_cemetery, uniq_joseph,
          uniq_prince_ribbit1, uniq_pikel
D:8:      layout_loops_ring, lemuel_doored_altar, lemuel_blue_sif_altar,
          serial_shops, shop, uniq_psyche
D:9:      minmay_blocky_corners, layout_loops_ring, kennysheep_mini, erik_orc_1
D:10:     layout_basic, uniq_maurice
D:11:     layout_loops_corners, erik_lair_island
D:12:     hangedman_what_comes_after_a, layout_irregular_city,
          hangedman_fish_farm, minmay_st_funbox, hangedman_decor_riveting,
          minmay_misc_feat_enclosed, ebering_dispersal_statue_hall, uniq_jorgrun
Lair:1:   minmay_lair_oklob_tunnel, layout_gridlike
Lair:2:   mu_elephants_graveyard, layout_loops_ring, minmay_swamp_entry_worms,
          dummy_spider_entry, ebering_ghost_rock_garden, minivault_29
Lair:3:   layout_regular_city, minivault_25, uniq_urug
Lair:4:   layout_long_grid
Lair:5:   beast_lair_carwin_large_2, layout_hall_layers, grunt_megastairs_5,
          uniq_nessos, uniq_rupert
Lair:6:   cheibrodos_lair_end_hotspot, layout_cave_pods,
          minmay_slime_entry_pillars, fungi_pond_lemuel

Skill      XL: |  1  2  3  4  5  6  7  8  9 10 11 12 13 14 |
---------------+-------------------------------------------+-----
Invocations    | 1 2 3 4 5 6 7 8 9 10 | 10.4
Long Blades    | 1 2 3 4 5 6 7 8 9 |  9.6
Axes           | 1 2 3 4 5 6 7 8 9 |  9.6
Maces & Flails | 1 2 3 4 5 6 7 8 9 |  9.6
Polearms       | 1 2 3 4 5 6 7 8 9 |  9.6
Staves         | 1 2 3 4 5 6 7 8 9 |  9.6
Slings         | 1 2 3 4 5 6 7 8 9 |  9.6
Bows           | 1 2 3 4 5 6 7 8 9 |  9.6
Crossbows      | 1 2 3 4 5 6 7 8 9 |  9.6
Throwing       | 1 2 3 4 5 6 7 8 9 |  9.6
Stealth        | 1 2 3 4 5 6 7 8 9 |  9.6
Shields        | 1 2 3 4 5 6 7 8 9 |  9.6
Unarmed Combat | 1 2 3 4 5 6 7 8 9 |  9.6
Spellcasting   | 1 2 3 4 5 6 7 8 9 |  9.6
Evocations     | 1 2 3 4 5 6 7 8 9 |  9.6
Conjurations   | 1 2 3 4 5 6 7 8 |  8.0
Hexes          | 1 2 3 4 5 6 7 8 |  8.0
Charms         | 1 2 3 4 5 6 7 8 |  8.0
Summonings     | 1 2 3 4 5 6 7 8 |  8.0
Necromancy     | 1 2 3 4 5 6 7 8 |  8.0
Translocations | 1 2 3 4 5 6 7 8 |  8.0
Transmutations | 1 2 3 4 5 6 7 8 |  8.0
Fire Magic     | 1 2 3 4 5 6 7 8 |  8.0
Ice Magic      | 1 2 3 4 5 6 7 8 |  8.0
Air Magic      | 1 2 3 4 5 6 7 8 |  8.0
Earth Magic    | 1 2 3 4 5 6 7 8 |  8.0
Poison Magic   | 1 2 3 4 5 6 7 8 |  8.0
Dodging        | 3 4 5 6 7 8 9 |  9.9
Armour         | 5 6 7 8 9 10 | 10.5
Fighting       | 7 8 9 10 11 | 11.4
Short Blades   | 7 8 9 10 11 | 11.4

Action                   |  1- 3 |  4- 6 |  7- 9 | 10-12 | 13-15 || total
-------------------------+-------+-------+-------+-------+-------++-------
Melee: Short sword       |    26 |       |       |       |       ||    26
       Bite              |     3 |    30 |    37 |   130 |   209 ||   409
       Dagger            |    38 |   200 |    73 |       |       ||   311
       Punch             |       |     2 |     1 |    18 |       ||    21
       Flail             |       |       |    22 |       |       ||    22
       Dire flail        |       |       |   166 |   426 |    93 ||   685
       Whip              |       |       |    10 |       |       ||    10
       Quick blade       |       |       |       |   355 |   969 ||  1324
       Staff             |       |       |       |     9 |       ||     9
       Unarmed           |       |       |       |       |     3 ||     3
Throw: Stone             |     5 |     1 |       |       |       ||     6
       Dart              |       |       |    14 |    70 |    26 ||   110
       Boomerang         |       |       |     8 |    12 |       ||    20
       Throwing net      |       |       |       |     1 |       ||     1
 Cast: Throw Flame       |       |       |    11 |    21 |    13 ||    45
       Flame Tongue      |       |       |    10 |    33 |    58 ||   101
       Mephitic Cloud    |       |       |     3 |     6 |    12 ||    21
       Conjure Flame     |       |       |       |     6 |       ||     6
       Summon Ice Beast  |       |       |       |     2 |     1 ||     3
       Animate Dead      |       |       |       |       |     3 ||     3
       Regeneration      |       |       |       |       |     1 ||     1
  Use: Scroll            |     4 |     1 |     3 |    15 |     6 ||    29
       Potion            |       |       |       |     5 |     1 ||     6
 Stab: Sleeping          |     2 |     1 |     7 |     8 |     8 ||    26
       Confused          |       |       |     3 |     5 |    23 ||    31
       Distracted        |       |       |       |     3 |     8 ||    11
       Petrifying        |       |       |       |       |     2 ||     2
       Petrified         |       |       |       |       |     1 ||     1
  Eat: Chunk             |     1 |     5 |    11 |    21 |    19 ||    57
       Ration            |       |       |       |     1 |       ||     1
Armor: Leather armour    |    21 |    40 |    73 |    95 |       ||   229
       Chain mail        |       |       |       |     3 |       ||     3
       Scale mail        |       |       |       |    50 |   126 ||   176
       Skin              |       |       |       |       |     3 ||     3
Dodge: Dodged            |    30 |    84 |   196 |   491 |   282 ||  1083
Block: Buckler           |       |       |       |       |    32 ||    32
       Shield            |       |       |       |       |   188 ||   188
